 Dungeon Sprint DCSS version 0.21-a0-201-g8501b10 (webtiles) character file.

42 Kidiri the Magician (level 3, -4/21 HPs)
             Began as a Deep Elf Fire Elementalist on Aug 18, 2017.
             Was a Believer of Vehumet.
             Slain by a fire bat (5 damage)
             ... in the Dungeon (Sprint VII: "The Pits").
             The game lasted 00:02:21 (477 turns).

Kidiri the Magician (Deep Elf Fire Elementalist)     Turns: 477, Time: 00:02:21

Health: -4/21      AC:  2    Str:  5    XL:     3   Next: 35%
Magic:  9/12       EV: 14    Int: 20    God:    Vehumet [**....]
Gold:   0          SH:  0    Dex: 15    Spells: 4/13 levels left

rFire    . . .     SeeInvis .   r - +2 dagger (elec)
rCold    . . .     Gourm    .   (no shield)
rNeg     . . .     Faith    .   a - +0 robe
rPois    .         Spirit   .   (no helmet)
rElec    .         Reflect  .   (no cloak)
rCorr    .         Harm     .   (no gloves)
MR       .....     NoTele   +   (no boots)
Stlth    ++........             (no amulet)
HPRegen  0.07/turn              (no ring)
MPRegen  0.13/turn              (no ring)

@: no status effects
A: no striking features
a: Renounce Religion


You were in the Dungeon.
You worshipped Vehumet.
Vehumet was pleased with you.
You were not hungry.

You visited 1 branch

Inventory:

Hand Weapons
 r - a +2 dagger of electrocution (weapon)
Armour
 a - a +0 robe (worn)
Scrolls
 i - a scroll of blinking
 l - 3 scrolls of remove curse
 m - 5 scrolls of amnesia
 n - a scroll of summoning
Potions
 d - 6 potions of curing
 e - 6 potions of heal wounds
 f - a potion of haste
 g - 4 potions of magic
 h - 3 potions of berserk rage
 k - 2 potions of invisibility
Books
 b - a book of Flames

   Spells                             Type                      Level
   a - Flame Tongue                   Conjuration/Fire             1
   b - Throw Flame                    Conjuration/Fire             2
   c - Conjure Flame                  Conjuration/Fire             3
   d - Inner Flame                    Hexes/Fire                   3
   e - Sticky Flame                   Conjuration/Fire             4
   f - Fireball                       Conjuration/Fire             5
Comestibles
 c - 8 bread rations
 o - 40 fruits
 p - 7 meat rations
 q - a chunk of flesh


   Skills:
 + Level 1.9 Fighting
 + Level 1.4 Short Blades
 + Level 1.5 Armour
 + Level 3.6 Dodging
 - Level 2.4 Stealth
 * Level 5.5 Spellcasting
 + Level 2.5 Conjurations
 + Level 4.2 Fire Magic


You had 4 spell levels left.
You knew the following spells:

 Your Spells              Type           Power        Failure   Level  Hunger
a - Flame Tongue          Conj/Fire      ###..        2%          1    None
b - Throw Flame           Conj/Fire      ###...       4%          2    None
c - Conjure Flame         Conj/Fire      ###.....     9%          3    ##.....
d - Inner Flame           Hex/Fire       ##......     14%         3    ##.....


Dungeon Overview and Level Annotations

Branches:
Dungeon (1/1)

Altars:
Ashenzari
Cheibriados
Dithmenos
Elyvilon
Fedhas
Gozag
Hepliaklqana
Kikubaaqudgha
Makhleb
Nemelex Xobeh
Okawaru
Qazlal
Ru
Sif Muna
Trog
Uskayaw
Vehumet
Wu Jian
Xom
Yredelemnul
Zin
The Shining One
Beogh
Jiyva
Lugonu


Message History

Unknown command.
You open the door.
A wolf, 2 gnolls and a crimson imp come into view.
The crimson imp shouts!
The wolf howls!
The wolf moves out of view.
The gnoll moves out of view. 2 fire bats, a warg and a gnoll come into view.
Casting: Flame Tongue
Confirm with . or Enter, or press ? or * to list all spells.
Aiming: Conjure Flame
Press: ? - help, Dir - move target cursor The fire ignites!
The gnoll shouts!
The warg howls!
The gnoll moves out of view.
The gnoll barely misses you. The fire bat bites you.
You are engulfed in flames!
The crimson imp lashes its tail.
Okay, then.
The fire bat bites you.
You are engulfed in flames!
* * * LOW HITPOINT WARNING * * *
The fire bat bites you.
You die...

#.?(.+)))+.##.....
##########.##.....
#...........'.....
#'#####+#####.....
#.#..#.....##.....
#.#))#####+#####+#
#.#))#.....##.....
#.#))#.....##.....
#@#[[###+####.....
#b##+#.....##...<.
#.#........##.....
#b#........##.....
#ยง###########.....
#g. ###### #5h.
##h#h ....


You could see a warg, 2 fire bats, a wolf, a gnoll and a crimson imp.

Vanquished Creatures
  2 adders (D)
  A river rat (D)
  2 oozes (D)
  A ball python (D)
  2 giant cockroaches (D)
  A giant cockroach zombie (D)
9 creatures vanquished.

Notes
Turn   | Place    | Note
-------+----------+-------------------------------------------
     0 | D        | Kidiri the Deep Elf Fire Elementalist began the quest for the Orb.
     0 | D        | Reached XP level 1. HP: 10/10 MP: 6/6
    20 | D        | Reached skill level 1 in Fighting
    20 | D        | Reached skill level 4 in Spellcasting
    20 | D        | Reached XP level 2. HP: 16/16 MP: 5/9
    24 | D        | Learned a level 2 spell: Throw Flame
    58 | D        | Found a bloodstained altar of Trog.
    58 | D        | Found a deep blue altar of Sif Muna.
    58 | D        | Found a viscous altar of Jiyva.
    58 | D        | Found a hazy altar of Hepliaklqana.
    58 | D        | Found an opulent altar of Gozag.
    59 | D        | Found a glowing golden altar of the Shining One.
    59 | D        | Found a glowing silver altar of Zin.
    59 | D        | Found a basalt altar of Yredelemnul.
    59 | D        | Found a shimmering altar of Xom.
    59 | D        | Found an ornate altar of the Wu Jian Council.
    59 | D        | Found a sacrificial altar of Ru.
    59 | D        | Found a stormy altar of Qazlal.
    59 | D        | Found an iron altar of Okawaru.
    59 | D        | Found a sparkling altar of Nemelex Xobeh.
    59 | D        | Found a burning altar of Makhleb.
    59 | D        | Found a blossoming altar of Fedhas.
    59 | D        | Found a white marble altar of Elyvilon.
    59 | D        | Found a shadowy altar of Dithmenos.
    59 | D        | Found a snail-covered altar of Cheibriados.
    61 | D        | Found a radiant altar of Vehumet.
    61 | D        | Found a corrupted altar of Lugonu.
    61 | D        | Found a roughly hewn altar of Beogh.
    62 | D        | Found a hide-covered altar of Uskayaw.
    62 | D        | Found an ancient bone altar of Kikubaaqudgha.
    62 | D        | Found a shattered altar of Ashenzari.
    69 | D        | Became a worshipper of Vehumet
   104 | D        | Reached skill level 1 in Armour
   121 | D        | Reached * piety under Vehumet
   121 | D        | Offered knowledge of Shock by Vehumet.
   125 | D        | Reached skill level 1 in Short Blades
   125 | D        | Reached skill level 5 in Spellcasting
   125 | D        | Reached XP level 3. HP: 11/20 MP: 2/11
   136 | D        | Learned a level 3 spell: Conjure Flame
   140 | D        | Learned a level 3 spell: Inner Flame
   343 | D        | Offered knowledge of Throw Frost by Vehumet.
   343 | D        | Reached ** piety under Vehumet
   473 | D        | Noticed a wolf
   474 | D        | Noticed a fire bat
   474 | D        | Noticed a warg
   474 | D        | Noticed a fire bat
   476 | D        | HP: 1/21 [fire bat (8)]
   477 | D        | Slain by a fire bat

Vault maps used:
D:        pitsprint

Skill      XL: |  1  2 |
---------------+-------+-----
Fighting       | 1 |  1.9
Spellcasting   | 4 5 |  5.5
Dodging        | 3 |  3.6
Armour         | 1 |  1.5
Conjurations   | 2 |  2.5
Fire Magic     | 4 |  4.2
Short Blades   | 1 |  1.4
Stealth        | |  2.4

Action                   || total
-------------------------++-------
Melee: Dagger            ||     1
 Cast: Flame Tongue      ||    18
       Throw Flame       ||     2
       Conjure Flame     ||     1
 Stab: Sleeping          ||     1
Armor: Robe              ||     1
Dodge: Dodged            ||    12
